 Dungeon Crawl Stone Soup version 0.29-a0-617-g7a6b98fccd (webtiles) character file.

Game seed: 7032071576101295671

275 YayAnonymity the Shield-Bearer (level 6, 0/49 HPs)
             Began as a Formicid Fighter on June 17, 2022.
             Slain by Blork the orc
             ... wielding a +0 glaive
              (12 damage)
             ... on level 4 of the Dungeon.
             The game lasted 00:03:18 (3766 turns).

YayAnonymity the Shield-Bearer (Formicid Fighter)   Turns: 3766, Time: 00:03:18

Health: 0/49       AC:  7    Str: 22    XL:     6   Next: 50%
Magic:  6/6        EV:  9    Int:  8    God:
Gold:   238        SH:  5    Dex: 13    Spells: 5/5 levels left

rFire   . . .      SeeInvis +   a - +0 war axe
rCold   . . .      Faith    .   c - +0 buckler
rNeg    . . .      Spirit   .   b - +0 scale mail
rPois   .          Reflect  .   (helmet unavailable)
rElec   .          Harm     .   (no cloak)
rCorr   .          Rampage  .   (no gloves)
Will    .....                   (no boots)
Stlth   ..........              (no amulet)
HPRegen 0.16/turn               (no ring)
MPRegen 0.10/turn               (no ring)

@: no status effects
A: permanent stasis, dig shafts and tunnels, antennae 3, four strong arms
a: Dig, Shaft Self


You were on level 4 of the Dungeon.
You visited 1 branch of the dungeon, and saw 4 of its levels.

You collected 238 gold pieces.

Inventory:

Hand Weapons
 a - a +0 war axe (weapon)
Missiles
 h - 4 boomerangs (quivered)
Armour
 b - a +0 scale mail (worn)
 c - a +0 buckler (worn)
Wands
 r - a wand of flame (17)
Scrolls
 e - 4 scrolls of noise {unknown}
 f - a scroll of poison {unknown}
 i - a scroll of vulnerability {unknown}
 k - 5 scrolls of identify {unknown}
 l - a scroll of magic mapping {unknown}
 m - 3 scrolls of blinking {unknown}
 n - 2 scrolls of teleportation {unknown}
 o - a scroll of amnesia {unknown}
 p - a scroll of enchant weapon {unknown}
 q - a scroll of summoning {unknown}
Potions
 d - a potion of might
 g - 3 potions of curing {unknown}
 j - a potion of berserk rage {unknown}


   Skills:
 + Level 4.4 Fighting
 * Level 4.2 Axes
 + Level 4.4 Armour
 + Level 5.3 Shields


You had 5 spell levels left.
You didn't know any spells.
Your spell library contained the following spells:

 Spells                   Type           Power      Damage    Failure   Level
 Freeze                   Ice            0%         1d3       80%         1
 Frozen Ramparts          Ice            0%         1d2       99%         3
 Hailstorm                Conj/Ice       0%         3d3       100%        4


Dungeon Overview and Level Annotations

Branches:
Dungeon (4/15)
 Temple: D:4-7

Altars:

Annotations:
D:4 Blork the orc


Innate Abilities, Weirdness & Mutations

You cannot be hasted, slowed, berserked, paralysed or teleported.
You can dig through walls and to a lower floor.
You have a pair of large antennae on your head. (SInv)
Your four strong arms can wield two-handed weapons with a shield.


Message History

The hobgoblin hits you but does no damage.
You hit the hobgoblin.
The hobgoblin is moderately wounded.
The hobgoblin hits you. The hobgoblin barely misses you.
You slash the hobgoblin!
You kill the hobgoblin!
No target in view!
No target in view!
You see here a hobgoblin corpse.
There is a stone staircase leading down here.
You sense a monster nearby.
An adder comes into view.
The adder hisses angrily.
A black bear comes into view.
The black bear growls angrily.
You closely miss the adder. You block the adder's attack.
You slash the adder!
You kill the adder!
Blork the orc comes into view.
He is wielding a +0 glaive and carrying a wand of flame (13).
You see here an adder corpse.
You barely miss the black bear. The black bear bites you.
The black bear claws you. x2
Blork the orc mumbles some strange words.
Blork the orc seems to speed up.
You block the black bear's attack.
The black bear claws you but does no damage. x2
You closely miss the black bear. You block the black bear's attack.
The black bear claws you. x2
You barely miss the black bear. You block Blork the orc's attack.
The black bear bites you.
The black bear claws you but does no damage. x2
Blork the orc screams, "I'm much stronger than you!"
Blork the orc hits you from afar with a +0 glaive!
You barely miss the black bear.
Blork the orc hits you from afar with a +0 glaive!
* * * LOW HITPOINT WARNING * * *
The black bear closely misses you. The black bear barely misses you.
The black bear claws you.
* * * LOW HITPOINT WARNING * * *
Blork the orc hits you from afar with a +0 glaive!
You die...

....................#.
###...###.##.###....#.
.## ###.....##........##
.... #.....##.....##.##
..... #......#..........
.....##......#..........
#............#........
#.............(.....##
#....@##......#####.#
#....h##....>.## #.#
#....o###......# ..#
##....# #......# ..##
#....# #......# # .....#
######## # ......# #
.......# # { #


You could see Blork the orc (fast) and a black bear.

Vanquished Creatures
  A phantom (D:3)
  A hound (D:4)
  Natasha (thrice) (D:3)
  3 adders
  3 worms
  2 dart slugs
  An orc (D:3)
  4 ball pythons
  4 endoplasms
  5 giant cockroaches
  6 goblins
  5 hobgoblins
  4 jackals (D:1)
  4 kobolds (D:1)
  A quokka (D:2)
  5 bats
  2 frilled lizards
  5 rats
59 creatures vanquished.

Vanquished Creatures (others)
  7 toadstools (D:1)
7 creatures vanquished.

Grand Total: 66 creatures vanquished

Notes
Turn   | Place    | Note
-------+----------+-------------------------------------------
     0 | D:1      | YayAnonymity the Formicid Fighter began the quest for the
                  | Orb.
     0 | D:1      | Reached XP level 1. HP: 18/18 MP: 1/1
   201 | D:1      | Reached XP level 2. HP: 24/24 MP: 2/2
   371 | D:1      | Found a faded altar of an unknown god.
   474 | D:1      | Reached XP level 3. HP: 18/29 MP: 3/3
  1649 | D:2      | Reached XP level 4. HP: 31/37 MP: 4/4
  2056 | D:3      | Noticed Natasha
  2069 | D:3      | Killed Natasha
  2426 | D:3      | Noticed a phantom
  2444 | D:3      | Killed a phantom
  2445 | D:3      | Reached skill level 5 in Shields
  2445 | D:3      | Reached XP level 5. HP: 19/42 MP: 5/5
  2701 | D:3      | Noticed Natasha
  2710 | D:3      | Killed Natasha
  2711 | D:3      | Reached XP level 6. HP: 44/48 MP: 6/6
  3083 | D:3      | Noticed Natasha
  3090 | D:3      | Killed Natasha
  3759 | D:4      | Noticed a black bear
  3761 | D:4      | Noticed Blork the orc
  3766 | D:4      | Slain by Blork the orc

Illustrated notes

Levels and vault maps discovered:
D:1:      nagdon_arrival_double_spiral, layout_basic,
          ebering_ecumenical_altar_hall, minmay_misc_feat_tiny, st_stairs_4
D:2:      layout_rooms
D:3:      layout_basic, uniq_natasha
D:4:      layout_basic, uniq_blork_the_orc

Skill      XL: |  1  2  3  4  5  6 |
---------------+-------------------+-----
Axes           | 3 4 |  4.2
Fighting       | 4 |  4.4
Armour         | 4 |  4.4
Shields        | 5 |  5.3

Action                   |  1- 3 |  4- 6 || total
-------------------------+-------+-------++-------
Melee: War axe           |   103 |   101 ||   204
Throw: Boomerang         |     4 |     4 ||     8
Armor: Scale mail        |    57 |    44 ||   101
Dodge: Dodged            |    54 |    36 ||    90
Block: Buckler           |    32 |    27 ||    59

Table legend: (Time is in decaauts)
 A = Elapsed time spent in this place.
 B = Non-inter-level travel time spent in this place.
 C = Inter-level travel time spent in this place.
 D = Time resting spent in this place.
 E = Time spent auto-exploring this place.
 F = Levels seen in this place.
 G = Mean time per level.
                   A        B        C        D        E       F      G
               +--------+--------+--------+--------+--------+-----+--------+
         Total |   3910 |   3772 |    138 |    401 |   2850 |   4 |  977.5 |
       Dungeon |   3910 |   3772 |    138 |    401 |   2850 |   4 |  977.5 |
               +--------+--------+--------+--------+--------+-----+--------+

Top non-repeatable levels by time:
     D:1: 1494 daAuts
     D:3: 1373 daAuts
     D:4: 523 daAuts
     D:2: 519 daAuts
